 Seeded DCSS version 0.31-a0-654-gbe3e110b4e (webtiles) character file.

Game seed: 20230830 (custom seed)

1167 a11behringer the Chopper (level 8, -1/70 HPs)
             Began as a Minotaur Fighter on Aug 30, 2023.
             Was an Initiate of Gozag.
             Killed by divine providence
             ... invoked by an orc priest
              (16 damage)
             ... on level 5 of the Dungeon.
             The game lasted 00:08:40 (3558 turns).

a11behringer the Chopper (Minotaur Fighter)         Turns: 3558, Time: 00:08:41

Health: -1/70      AC: 10    Str: 22    XL:     8   Next: 17%
Magic:  7/7        EV:  9    Int:  5    God:    Gozag
Gold:   122        SH:  5    Dex: 11    Spells: 7/7 levels left

rFire   . . .        a - +0 war axe
rCold   . . .        c - +0 buckler
rNeg    . . .        u - +0 chain mail
rPois   .            (helmet restricted)
rElec   .            (no cloak)
rCorr   .            (no gloves)
SInv    .            (no boots)
Will    .....        (no amulet) Stlth
                     (no ring)
HPRegen 0.31/turn    (no ring)
MPRegen 0.10/turn

%: no passive effects
@: gold aura
A: horns 2, retaliatory headbutt
a: Renounce Religion, Potion Petition, Call Merchant, Bribe Branch


You were on level 5 of the Dungeon.
You worshipped Gozag.
Gozag was aware of your devotion.
You visited 1 branch of the dungeon, and saw 5 of its levels.

You collected 177 gold pieces.
You paid 55 gold pieces to Gozag.

Inventory:

Hand Weapons
 a - a +0 war axe (weapon)
 p - a +0 vampiric whip
 t - a +0 battleaxe
Armour
 b - a +0 scale mail
 c - a +0 buckler (worn)
 u - a +0 chain mail (worn)
Jewellery
 s - a ring of protection from cold
Talismans
 q - a beast talisman
Wands
 d - a wand of polymorph (3)
Scrolls
 e - 4 scrolls of identify {unknown}
 g - a scroll of immolation {unknown}
 h - a scroll of enchant weapon {unknown}
 i - a scroll of summoning {unknown}
 n - a scroll of vulnerability {unknown}
 o - a scroll of brand weapon {unknown}
Potions
 f - a potion of curing {unknown}
 j - a potion of degeneration {unknown}
 k - a potion of attraction {unknown}
 l - a potion of cancellation {unknown}
 m - 5 potions of heal wounds {unknown}
 r - a potion of mutation {unknown}
 v - a potion of brilliance {unknown}
 w - a potion of ambrosia {unknown}


   Skills:
 + Level 6.0 Fighting
 * Level 7.2 Axes
 + Level 6.0 Armour
 + Level 4.0 Dodging
 + Level 5.9 Shields


You had 7 spell levels left.
You didn't know any spells.
Your spell library contained the following spells:

 Spells                   Type           Power      Damage    Failure   Level
 Sandblast                Erth           0%         2d4       98%         1
 Passwall                 Tmut/Erth      0%         N/A       99%         2
 Inner Flame              Hex/Fire       0%         N/A       100%        3
 Stone Arrow              Conj/Erth      0%         3d7       100%        3
 Animate Armour           Summ/Erth      0%         N/A       100%        4
 Yara's Violent Unravell  Hex/Tmut       0%         3d3       100%        5
 Enfeeble                 Hex            0%         N/A       100%        7
 Lehudib's Crystal Spear  Conj/Erth      0%         10d2      100%        8


Dungeon Overview and Level Annotations

Branches:
Dungeon (5/15)             Temple (0/1) D:4

Altars:
Gozag
Hepliaklqana
Trog
Uskayaw
Vehumet


Innate Abilities, Weirdness & Mutations

You have a pair of horns on your head.
You reflexively headbutt those who attack you in melee.


Message History

The puff of flame misses you.
The orc priest calls down the wrath of Beogh upon you.
Beogh smites you!
You barely miss the orc wizard. Your headbutt misses the orc wizard.
The orc wizard is severely wounded.
The orc wizard casts a spell at you. The puff of flame hits you!
* * * LOW HITPOINT WARNING * * *
You closely miss the orc wizard.
The orc wizard is severely wounded.
The orc wizard hits you but does no damage.
You hit the orc wizard.
You kill the orc wizard!
The orc priest begins to cast a cantrip, but forgets the words!
Your Fighting skill increases to level 6!
You hit the orc.
The orc is heavily wounded.
The orc misses you.
You closely miss the orc.
The orc is heavily wounded.
The orc hits you but does no damage.
You barely miss the orc. You headbutt the orc, but do no damage.
The orc is heavily wounded.
The orc hits you but does no damage.
The orc priest calls down the wrath of Beogh upon you.
Beogh smites you!
* * * LOW HITPOINT WARNING * * *
The orc closely misses you. You furiously retaliate!
You headbutt the orc!
You kill the orc!
Your Armour skill increases to level 6!
You block the orc priest's attack.
Items here: $ )) [[.
You barely miss the orc priest.
You headbutt the orc priest, but do no damage.
You block the orc priest's attack.
You hit the orc priest but do no damage.
The orc priest invokes the aid of Beogh against you.
Beogh smites you!
You die...
Your body crumbles into a pile of gold.

8.8 #.### ##.##.
8.8#.
##########.###
#####8##8##8##.##8
#..'..............
#$###8##8##8##.##8
#@# ##########.###
#...$o....# 8.8 #
#...........#
##.###
#.....<..#... #.#
#........# .# #.#
###....### 8.8
#..... ....##


You could see an orc priest.

Vanquished Creatures
  Sigmund (D:4)
  An ice beast (D:5)
  2 ogres
  A black bear (D:4)
  2 phantoms
  2 scorpions (D:5)
  A hound (D:4)
  A sleepcap (D:4)
  2 orc priests (D:5)
  2 iguanas
  3 orc wizards
  3 adders
  3 gnolls (D:3)
  2 worms
  A dart slug (D:3)
  10 orcs
  5 bats
  5 endoplasms
  2 giant cockroaches
  5 goblins
  6 hobgoblins
  4 jackals (D:2)
  12 kobolds
  2 quokkas
  3 ball pythons
  A frilled lizard (D:2)
  5 rats
87 creatures vanquished.

Notes
Turn   | Place    | Note
-------+----------+-------------------------------------------
     0 | D:1      | a11behringer the Minotaur Fighter began the quest for the
                  | Orb.
     0 | D:1      | Reached XP level 1. HP: 19/19 MP: 0/0
   191 | D:1      | Reached XP level 2. HP: 27/27 MP: 1/1
   751 | D:2      | Found a radiant altar of Vehumet.
   767 | D:2      | Reached skill level 3 in Axes
   856 | D:2      | Reached skill level 1 in Dodging
   856 | D:2      | Reached XP level 3. HP: 27/33 MP: 2/2
  1371 | D:3      | Reached XP level 4. HP: 40/40 MP: 3/3
  1628 | D:3      | Reached skill level 4 in Axes
  1936 | D:4      | Found a staircase to the Ecumenical Temple.
  1942 | D:4      | Noticed Sigmund
  1970 | D:4      | Noticed an ogre
  1971 | D:4      | Killed Sigmund
  1972 | D:4      | Reached XP level 5. HP: 35/47 MP: 4/4
  1972 | D:4      | Reached XP level 6. HP: 40/53 MP: 5/5
  1976 | D:4      | Reached skill level 5 in Axes
  2148 | D:4      | Reached skill level 5 in Fighting
  2148 | D:4      | Reached skill level 5 in Armour
  2148 | D:4      | Reached skill level 5 in Shields
  2154 | D:4      | Found a hazy altar of Hepliaklqana.
  2178 | D:4      | Found a hide-covered altar of Uskayaw.
  2180 | D:4      | Found a bloodstained altar of Trog.
  2207 | D:4      | Reached XP level 7. HP: 59/61 MP: 6/6
  2622 | D:4      | Reached skill level 6 in Axes
  3150 | D:5      | Entered Level 5 of the Dungeon
  3458 | D:5      | Reached skill level 7 in Axes
  3458 | D:5      | Reached XP level 8. HP: 63/70 MP: 7/7
  3463 | D:5      | Found an opulent altar of Gozag.
  3466 | D:5      | Became a worshipper of Gozag Ym Sagoz the Greedy
  3558 | D:5      | Killed from afar by an orc priest

Illustrated notes

Levels and vault maps discovered:
D:1:      minmay_arrival_open_corners, layout_basic
D:2:      layout_rooms, serial_curves, eino_curves_01, eino_curves_01,
          basic_altar
D:3:      layout_loops_ring
D:4:      layout_basic, mainiacjoe_overflow_small_starburst,
          mainiacjoe_overflow_catwalk_spiral, minmay_temple_entry_ruins,
          minmay_fractal_squares_diagonal_5, uniq_sigmund
D:5:      layout_rooms, overflow_temple_1_default, kennysheep_mini,
          dk_noncrumbling_2, uniq_menkaure

Skill      XL: |  1  2  3  4  5  6  7  8 |
---------------+-------------------------+-----
Axes           | 3 4 5 7 |  7.2
Fighting       | 4 5 6 |  6.0
Dodging        | 1 2 3 4 |  4.0
Armour         | 4 5 6 |  6.0
Shields        | 4 5 |  5.9

Action                     |  1- 3 |  4- 6 |  7- 9 || total
---------------------------+-------+-------+-------++-------
  Melee: War axe           |    74 |    44 |    89 ||   207
         Headbutt          |    11 |     8 |    16 ||    35
    Use: Potion            |       |     1 |       ||     1
 Armour: Scale mail        |    39 |    16 |    17 ||    72
         Skin              |       |    16 |       ||    16
         Chain mail        |       |       |    18 ||    18
  Dodge: Dodged            |    25 |    19 |    40 ||    84
  Block: Buckler           |    11 |    13 |    19 ||    43

Table legend: (Time is in decaauts)
 A = Elapsed time spent in this place.
 B = Non-inter-level travel time spent in this place.
 C = Inter-level travel time spent in this place.
 D = Time resting spent in this place.
 E = Time spent auto-exploring this place.
 F = Levels seen in this place.
 G = Mean time per level.
                   A        B        C        D        E       F      G
               +--------+--------+--------+--------+--------+-----+--------+
         Total |   3616 |   3354 |    262 |      0 |   2769 |   5 |  723.2 |
       Dungeon |   3616 |   3354 |    262 |      0 |   2769 |   5 |  723.2 |
               +--------+--------+--------+--------+--------+-----+--------+

Top non-repeatable levels by time:
     D:4: 1229 daAuts
     D:1: 760 daAuts
     D:3: 654 daAuts
     D:2: 553 daAuts
     D:5: 418 daAuts
